Map: Pylon LE

Players

Sduiliams - Winner!

  • Race: Protoss Protoss
  • League: Master
  • Spawn Location: 11:00

ManlyManMeat

  • Race: Zerg Zerg
  • League: Diamond
  • Spawn Location: 5:00

VOD

Have the link to the VOD?

Description

Time

  • Played on: July 8, 2025, 6:04 p.m.
  • Length: 4:11
Show
View Real Time Build Order
Export as new Build Order

Sduiliams Protoss - Winner!

Build Orders:  

Get SALT Encoding   

  12  0:00  Probe  
  13  0:12  Probe  
  14  0:18  Pylon  
  14  0:25  Probe  
  15  0:33  Probe  
  16  0:43  Forge  
  16  0:58  Pylon  
  16  0:59  Pylon  
  16  1:03  Probe  
  17  1:12  Probe  
  18  1:20  Probe  
  19  1:33  Pylon  
  19  1:37  Gateway  
  19  1:39  Photon Cannon  
  19  1:41  Pylon  
  19  1:42  Pylon  
  18  1:49  Probe  
  19  1:59  Photon Cannon  
  19  2:01  Pylon  
  19  2:06  Pylon  
  19  2:23  Photon Cannon  
  19  2:34  Probe  
  19  2:35  Photon Cannon, Zealot  
  21  2:43  Probe  
  22  2:50  Photon Cannon  
  23  2:56  Pylon  
  23  3:00  Assimilator  
  23  3:05  Zealot  
  23  3:07  Probe  
  26  3:22  Photon Cannon  
  26  3:26  Photon Cannon  
  26  4:00  Cybernetics Core  
  26  4:01  Assimilator  
  26  4:04  Pylon  
Show
View Real Time Build Order
Export as new Build Order

ManlyManMeat Zerg 

Build Orders: Hatch First 

Get SALT Encoding   

  12  0:00  Drone  
  13  0:08  Drone  
  14  0:15  Drone, Extractor  
  15  0:22  Overlord  
  15  0:41  Drone  
  16  0:47  Hatchery  
  15  0:51  Drone  
  15  0:54  Drone  
  17  1:17  Drone x3  
  20  1:28  Extractor  
  19  1:51  Drone x2, Spawning Pool  
  20  2:13  Drone  
  20  2:14  Drone x2  
  17  2:40  Drone  
  17  2:43  Queen  
  20  2:48  Zergling x6  
  23  3:01  Roach Warren  
  21  3:45  Extractor  
Tags
 
Matchup
PvZ
Replay Pack
Myownreplay2
Spawn Locations
Cross Positions
Add a new tag
Caveats
  • Supply blocks, unpowered buildings, or Contaminate may cause inaccurate times.
  • Supply counts are checked every 10 seconds.